 Dungeon Crawl Stone Soup version 0.26-a0-259-g1effd001a9 (webtiles) character file.

Game seed: 5725473737114647866

158 night the Stinger (level 5, -8/38 HPs)
             Began as a Draconian Venom Mage on July 27, 2020.
             Was an Initiate of Gozag.
             Blown up by Ijyb (24 damage)
             ... with a disintegration bolt
             ... on level 3 of the Dungeon.
             The game lasted 00:06:54 (3065 turns).

night the Stinger (Draconian Venom Mage)            Turns: 3065, Time: 00:06:55

Health: -8/38      AC:  5    Str: 10    XL:     5   Next: 16%
Magic:  1/10       EV: 12    Int: 17    God:    Gozag
Gold:   211        SH:  0    Dex: 11    Spells: 1/10 levels left

rFire    . . .     SeeInvis .   c - +0 dagger
rCold    . . .     Faith    .   (no shield)
rNeg     . . .     Spirit   .   (armour unavailable)
rPois    .         Reflect  .   (helmet restricted)
rElec    .         Harm     .   (no cloak)
rCorr    .                      (no gloves)
MR       .....                  (no boots)
Stlth    ++........             h - amulet of regeneration
HPRegen  0.52/turn              (no ring)
MPRegen  0.12/turn              (no ring)

@: lethally poisoned (-8 -> -8), very slightly contaminated
A: unfitting armour, cold-blooded, AC +5
a: Potion Petition, Call Merchant, Bribe Branch, Renounce Religion


You were on level 3 of the Dungeon.
You worshipped Gozag.
Gozag was aware of your devotion.
You were not hungry.

You visited 1 branch of the dungeon, and saw 4 of its levels.

You collected 263 gold pieces.
You paid 52 gold pieces to Gozag.

Inventory:

Hand Weapons
 c - a +0 dagger (weapon)
 l - a +0 fustibalus
Missiles
 a - 22 arrows
 d - 39 poisoned darts (quivered)
 e - 77 stones
 f - 3 boomerangs
 k - 2 throwing nets
Jewellery
 h - an amulet of regeneration (around neck)
Wands
 m - a wand of clouds (4)
Scrolls
 j - 3 scrolls of identify
Potions
 i - 2 potions of curing {unknown}
Comestibles
 b - 2 rations


   Skills:
 - Level 0.1 Short Blades
 - Level 1.7 Dodging
 - Level 1.7 Stealth
 + Level 3.3 Spellcasting
 - Level 1.0 Transmutations
 * Level 5.0 Poison Magic


You had one spell level left.
You knew the following spells:

 Your Spells              Type           Power        Failure   Level
a - Sting                 Tmut/Pois      ##..         4%          1
b - Poisonous Vapours     Pois/Air       ##....       9%          2
c - Ignite Poison         Fire/Tmut/Pois #.......     22%         3
d - Mephitic Cloud        Conj/Pois/Air  #.......     26%         3

Your spell library contained the following spells:

 Spells                   Type           Power        Failure   Level
 Olgreb's Toxic Radiance  Pois           ###.....     22%         4


Dungeon Overview and Level Annotations

Branches:
Dungeon (4/15)
 Temple: D:4-7

Altars:
Gozag
Makhleb
Trog
Zin

Annotations:
D:3 Ijyb


Innate Abilities, Weirdness & Mutations

Your plain brown scales are hard. (AC +5)
You cannot fit into any form of body armour.
You are cold-blooded and may be slowed by cold attacks.


Message History

Ijyb is moderately wounded.
Ijyb screams, "Me still stronger!
You very nasty!"
The kobold throws a poisoned dart.
The poisoned dart closely misses you.
You catch the helpless Ijyb completely off-guard!
You hit Ijyb but do no damage.
Ijyb is moderately wounded.
You feel sick. Ijyb hits you.
The kobold throws a poisoned dart.
The poisoned dart misses you.
You hit Ijyb but do no damage. You tail-slap Ijyb, but do no damage.
Ijyb is heavily wounded.
Ijyb seems less confused.
Ijyb zaps a wand.
You are blasted!
You completely miss Ijyb.
Ijyb is heavily wounded.
You feel sick. Ijyb closely misses you. The kobold closely misses you.
Ijyb hits you but does no damage.
You feel sick.
Ijyb zaps a wand.
You are blasted!
The kobold throws a poisoned dart.
The poisoned dart misses you.
Ijyb zaps a wand.
You are blasted!
Ouch! That really hurt!
You die...

...###.## #..# ...#
#..# #..# ...#
##.## #..# ...#
#..# #..# ...# ##.#
#..# #### #.## #Kg#
# #..# ###..# #
##.# #....# # #.#
#.#@## # #.## #.#.#
# #..# #.#(#
##########.###.#.##
.......# #......(.#
.......# #..##.#..#
...)...# #..##.#..#
.......# #...#.#..#
.......# #.#.#.#..#


You could see Ijyb (very poisoned) and a kobold.

Vanquished Creatures
  3 gnolls (D:3)
  4 adders
  An ufetubus (D:3)
  An ooze (D:2)
  A worm (D:2)
  4 dart slugs
  2 leopard geckos
  An orc (D:3)
  4 giant cockroaches
  8 goblins
  8 hobgoblins
  4 jackals (D:1)
  6 kobolds
  9 bats
  6 frilled lizards
  9 rats
71 creatures vanquished.

Notes
Turn   | Place    | Note
-------+----------+-------------------------------------------
     0 | D:1      | night the Draconian Venom Mage began the quest for the Orb.
     0 | D:1      | Reached XP level 1. HP: 14/14 MP: 3/3
   255 | D:1      | Reached XP level 2. HP: 20/20 MP: 1/5
   298 | D:1      | Learned a level 2 spell: Poisonous Vapours
   730 | D:1      | Reached XP level 3. HP: 25/26 MP: 3/6
   735 | D:1      | Learned a level 3 spell: Ignite Poison
  1343 | D:2      | Reached skill level 4 in Poison Magic
  1531 | D:2      | You fall into a shaft and drop 2 floors!
  1556 | D:3      | Reached XP level 4. HP: 27/33 MP: 3/8
  1817 | D:3      | Found an opulent altar of Gozag.
  1845 | D:3      | Became a worshipper of Gozag Ym Sagoz the Greedy
  2151 | D:2      | Found a bloodstained altar of Trog.
  2153 | D:2      | Found a glowing silver altar of Zin.
  2336 | D:2      | Found a burning altar of Makhleb.
  2822 | D:3      | Reached XP level 5. HP: 36/38 MP: 6/9
  2827 | D:3      | Learned a level 3 spell: Mephitic Cloud
  2878 | D:3      | Reached skill level 5 in Poison Magic
  3043 | D:3      | Noticed Ijyb
  3065 | D:3      | Blown up by Ijyb

Illustrated notes

Levels and vault maps discovered:
D:1:      elethiomel_arrival_quiet, layout_loops_ring
D:2:      layout_loops_corners, lightli_temple_of_fire, lemuel_crystal_altar,
          lemuel_tele_altar
D:3:      layout_basic, nicolae_gozag_seed_capital, uniq_ijyb
D:4:      layout_loops_corners, first_ration, portal_sewer_entry_b

Skill      XL: |  1  2  3  4  5 |
---------------+----------------+-----
Poison Magic   | 4 5 |  5.0
Spellcasting   | 3 |  3.3
Short Blades   | |  0.1
Dodging        | |  1.7
Stealth        | |  1.7
Transmutations | |  1.0

Action                   |  1- 3 |  4- 6 || total
-------------------------+-------+-------++-------
Melee: Dagger            |    44 |    18 ||    62
       Tailslap          |     3 |     2 ||     5
 Cast: Sting             |    52 |    56 ||   108
       Mephitic Cloud    |       |     1 ||     1
  Use: Scroll            |       |     2 ||     2
 Stab: Sleeping          |     1 |       ||     1
       Confused          |       |     1 ||     1
  Eat: Ration            |     1 |     1 ||     2
Armor: Skin              |    29 |    12 ||    41
Dodge: Dodged            |    44 |    47 ||    91

Table legend:
 A = Non-vault XP
 B = Vault XP
 C = Vault XP percentage of total XP
 D = Non-vault monster count
 E = Vault monster count
 F = Vault count percentage of total count
                 A         B        C        D         E       F
            +---------+---------+-------+---------+---------+-------
      Total |     226 |       0 |   0.0 |      71 |       0 |   0.0
            +---------+---------+-------+---------+---------+-------
        D:1 |      60 |       0 |   0.0 |      33 |       0 |   0.0
        D:2 |      59 |       0 |   0.0 |      18 |       0 |   0.0
        D:3 |     107 |       0 |   0.0 |      20 |       0 |   0.0
            +---------+---------+-------+---------+---------+-------
